 Dungeon Crawl Stone Soup version 0.29-a0-837-g174bc33265 (webtiles) character file.

Game seed: 13247746487081839855

49249 PentaManta the Brawler (level 14, -8/133 HPs)
             Began as a Ghoul Monk on July 13, 2022.
             Was the Champion of Makhleb.
             Mangled by a death yak (19 damage)
             ... on level 6 of the Lair of Beasts.
             The game lasted 00:48:32 (21182 turns).

PentaManta the Brawler (Ghoul Monk)                Turns: 21182, Time: 00:48:33

Health: -8/133     AC: 23    Str: 20    XL:     14   Next: 49%
Magic:  13/13      EV:  8    Int:  5    God:    Makhleb [******]
Gold:   1359       SH:  4    Dex: 11    Spells: 13/13 levels left

rFire   . . .      SeeInvis .     - Unarmed
rCold   + . .      Faith    .   Y - +0 buckler
rNeg    + + +      Spirit   .   T - +2 chain mail {rPois}
rPois   ∞          Reflect  .   R - +0 helmet
rElec   .          Harm     .   G - +0 cloak
rCorr   .          Rampage  .   (no gloves)
Will    +....                   z - +0 pair of boots
Stlth   ..........              (no amulet)
HPRegen 0.00/turn               F - +4 ring of protection
MPRegen 0.13/turn               q - ring of flight

@: flying, inhibited regen, hasted and slowed
A: claws 1, cold resistance 1, negative energy resistance 3, inhibited
regeneration, torment resistance 2, devour on kill
a: Renounce Religion, Minor Destruction, Lesser Servant of Makhleb, Major
Destruction, Greater Servant of Makhleb


You were on level 6 of the Lair of Beasts.
You worshipped Makhleb.
Makhleb was exalted by your worship.
You visited 4 branches of the dungeon, and saw 20 of its levels.

You collected 1389 gold pieces.
You spent 30 gold pieces at shops.

Inventory:

Hand Weapons
 H - a +3 dagger of venom
Missiles
 f - 52 poisoned darts
 k - 5 curare-tipped darts
 v - 2 boomerangs (quivered)
 P - 2 atropa-tipped darts
Armour
 c - a +1 ring mail of fire resistance
 r - a +0 pair of gloves
 z - a +0 pair of boots (worn)
 A - a +0 robe of positive energy
 G - a +0 cloak (worn)
 J - a +2 robe of cold resistance
 N - +0 acid dragon scales
 R - a +0 helmet (worn)
 T - a +2 chain mail of poison resistance (worn)
 Y - a +0 buckler (worn)
Jewellery
 q - a ring of flight (right claw)
 F - a +4 ring of protection (left claw)
 I - a ring of resist corrosion
 Q - a ring of protection from fire
 S - a +4 ring of protection
 X - a ring of willpower
Wands
 h - a wand of acid (9)
 D - a wand of digging (12)
 K - a wand of iceblast (8)
Scrolls
 a - a scroll of silence
 i - 4 scrolls of fog
 o - 4 scrolls of enchant armour
 t - a scroll of magic mapping
 u - a scroll of fear
 x - a scroll of teleportation
 y - 2 scrolls of vulnerability
 B - 2 scrolls of poison
 M - a scroll of summoning
Potions
 e - 4 potions of curing
 g - a potion of ambrosia
 j - 3 potions of brilliance
 l - a potion of haste
 p - 2 potions of attraction
 w - 2 potions of flight
 E - a potion of might
 O - a potion of lignification {unknown}
 U - a potion of mutation {unknown}


   Skills:
 + Level 14.4 Fighting
 - Level 6.0 Throwing
 + Level 12.3 Armour
 - Level 3.0 Dodging
 - Level 2.1 Stealth
 - Level 4.0 Shields
 + Level 16.3 Unarmed Combat


You had 13 spell levels left.
You didn't know any spells.
Your spell library contained the following spells:

 Spells                   Type           Power      Damage    Failure   Level
 Dazzling Flash           Conj/Hex       0%         N/A       100%        3
 Inner Flame              Hex/Fire       0%         N/A       100%        3
 Ozocubu's Armour         Ice            0%         N/A       100%        3
 Stone Arrow              Conj/Erth      0%         3d7       100%        3
 Summon Guardian Golem    Hex/Summ       0%         N/A       100%        3
 Animate Armour           Summ/Erth      0%         N/A       100%        4
 Cause Fear               Hex            0%         N/A       100%        4
 Agony                    Necr           0%         N/A       100%        5
 Fireball                 Conj/Fire      0%         3d3       100%        5
 Iskenderun's Battlesphe  Conj           0%         2d6       100%        5
 Metabolic Englaciation   Hex/Ice        0%         N/A       100%        5
 Silence                  Hex/Air        0%         N/A       100%        5
 Conjure Ball Lightning   Conj/Air       0%         3x3d6     100%        6
 Simulacrum               Ice/Necr       0%         N/A       100%        6
 Starburst                Conj/Fire      0%         6d3       100%        6
 Orb of Destruction       Conj           0%         9d5       100%        7
 Spellforged Servitor     Conj/Summ      0%         N/A       100%        7
 Discord                  Hex            0%         N/A       100%        8
 Ignition                 Fire           0%         3d3       100%        8
 Lehudib's Crystal Spear  Conj/Erth      0%         10d2      100%        8


Dungeon Overview and Level Annotations

Branches:
Dungeon (11/15)            Temple (1/1) D:5            Lair (6/6) D:11
 Shoals (0/4) Lair:4        Snake (0/4) Lair:2        Slime (0/5) Lair:5
    Orc (2/2) D:9
    Elf: Orc:2

Altars:
Ashenzari
Cheibriados
Dithmenos
Fedhas
Gozag
Hepliaklqana
Kikubaaqudgha
Makhleb
Nemelex Xobeh
Okawaru
Qazlal
Ru
Sif Muna
Trog
Uskayaw
Vehumet
Wu Jian
Xom
Yredelemnul
Jiyva

Shops:
D:1 *


Innate Abilities, Weirdness & Mutations

You are immune to poison.
You have sharp fingernails.
Your flesh is cold resistant. (rC+)
You are immune to negative energy. (rN+++)
You do not regenerate when monsters are visible.
You are immune to unholy pain and torment.
You thrive by killing the living.


Message History

The death yak is lightly wounded.
The death yak gores you but does no damage.
The death yak closely misses you.
The komodo dragon hisses angrily.
You claw the death yak!
The death yak is moderately wounded.
The death yak completely misses you. You block the death yak's attack.
You scratch the death yak.
The death yak is moderately wounded.
The death yak gores you but does no damage. x2
The death yak barely misses you. The death yak gores you!
* * * LOW HITPOINT WARNING * * *
You claw the death yak!
The death yak is moderately wounded.
You block the death yak's attack.
The death yak gores you but does no damage.
You mangle the death yak!!
The death yak is heavily wounded.
The death yak barely misses you. x2
You mangle the death yak!!
The death yak is almost dead.
The death yak gores you but does no damage.
The death yak barely misses you.
You scratch the death yak.
The death yak is almost dead.
The death yak gores you but does no damage.
The death yak gores you.
* * * LOW HITPOINT WARNING * * *
You claw the death yak!
The death yak is almost dead.
The death yak gores you!
* * * LOW HITPOINT WARNING * * *
You block the death yak's attack.
You feel yourself speed up.
The death yak gores you but does no damage. x2
The death yak misses you.
The death yak gores you but does no damage.
Unknown command.
The death yak attacks as you move away! The death yak gores you!!
You die...

*,,,*,*.P## **,*,**
**,,,.....####,**,,*
*,*,.....#..##*,,,*
***##......#.#,,,,***
*,........#*,,,,,,,
***......##**,,,,,,
##Y.....#*,,,,,,,
##YY.....##***,,*,
**#@#Y......#***,,,*
*#..#YS.<..#..,,,,,,*
#...SY........S.,,*,*
##..............,,,,*
##..#.#........,,,,*
#.#.##.###....,,,,*
####*###*,....,,,,*
*,*.#.***** ****#**


You could see 5 death yaks and a water moccasin.

Vanquished Creatures
  Rupert (Lair:5)
  Kirke (Lair:6)
  7 hydras
  Erolcha (D:9)
  A catoblepas (Lair:4)
  A two-headed ogre (D:10)
  Erica (D:8)
  A death yak (Lair:4)
  An orc high priest (Orc:1)
  Amaemon (D:11)
  An orc sorcerer (Orc:1)
  An ugly thing (D:11)
  A cyclops (D:11)
  11 elephants
  Maurice (D:8)
  Joseph (Lair:1)
  7 black mambas
  11 cane toads
  An orange demon (D:11)
  An unseen horror (D:11)
  6 rime drakes
  7 komodo dragons
  2 polar bears
  3 trolls
  A hornet (D:9)
  Prince Ribbit (D:8)
  4 blink frogs
  3 dream sheep (D:7)
  A snapping turtle (Lair:4)
  A shadow (D:11)
  A vampire (D:10)
  45 yaks
  Eustachio (D:5)
  4 hogs (Lair:6)
  4 basilisks
  12 wyverns
  3 fire bats (Lair:2)
  A fire elemental (Lair:2)
  2 steam dragons
  3 acid dragons
  4 wargs (D:9)
  4 nagas (Lair:2)
  A hell hound (Lair:5)
  18 water moccasins
  8 orc warriors
  2 sky beasts (D:7)
  3 black bears
  2 ice beasts (D:7)
  18 wolves
  5 centaurs
  2 phantoms
  5 kobold brigands
  6 bullfrogs
  2 gnoll sergeants
  2 scorpions
  15 wights
  8 killer bees
  5 electric eels
  4 howler monkeys
  3 hounds
  5 lava snakes (Lair:1)
  7 orc priests
  A jelly (D:6)
  A gnoll bouda (D:7)
  3 iguanas
  20 orc wizards
  8 hell rats (Lair:5)
  8 adders
  8 gnolls
  An ufetubus (D:4)
  2 worms (D:2)
  3 dart slugs
  38 orcs
  11 ball pythons
  3 bats
  9 endoplasms
  2 giant cockroaches (D:2)
  6 hobgoblins
  7 jackals
  22 kobolds
  5 quokkas
  4 frilled lizards
  7 goblins
  5 rats
460 creatures vanquished.

Vanquished Creatures (others)
  A kobold (D:9)
  A bush (D:11)
  17 fungi
  53 plants
72 creatures vanquished.

Grand Total: 532 creatures vanquished

Notes
Turn   | Place    | Note
-------+----------+-------------------------------------------
     0 | D:1      | PentaManta the Ghoul Monk began the quest for the Orb.
     0 | D:1      | Reached XP level 1. HP: 19/19 MP: 0/0
    80 | D:1      | Reached XP level 2. HP: 6/26 MP: 1/1
   374 | D:1      | Reached skill level 4 in Unarmed Combat
   749 | D:1      | Reached XP level 3. HP: 13/31 MP: 2/2
   940 | D:1      | Found Tobb's General Store.
  1321 | D:1      | Bought 5 curare-tipped darts for 30 gold pieces
  1371 | D:2      | Reached skill level 5 in Unarmed Combat
  1473 | D:2      | Found a faded altar of an unknown god.
  1780 | D:2      | Reached XP level 4. HP: 33/38 MP: 3/3
  2708 | D:3      | Identified the +2 ring mail of Restlessness {Str+6}
  3133 | D:3      | Reached skill level 6 in Unarmed Combat
  3372 | D:4      | Noticed a scorpion
  3379 | D:4      | Noticed a phantom
  3382 | D:4      | Killed a scorpion
  3383 | D:4      | Reached XP level 5. HP: 38/45 MP: 4/4
  3512 | D:4      | Killed a phantom
  3513 | D:4      | Reached skill level 7 in Unarmed Combat
  3513 | D:4      | Reached XP level 6. HP: 32/51 MP: 5/5
  4114 | D:5      | Entered Level 5 of the Dungeon
  4164 | D:5      | Found a staircase to the Ecumenical Temple.
  4176 | Temple   | Entered the Ecumenical Temple
  4302 | Temple   | Became a worshipper of Makhleb the Destroyer
  4302 | Temple   | Reached * piety under Makhleb
  4302 | Temple   | Reached ** piety under Makhleb
  4379 | D:5      | Noticed Eustachio
  4391 | D:5      | Killed Eustachio
  4392 | D:5      | Reached skill level 8 in Unarmed Combat
  4392 | D:5      | Reached XP level 7. HP: 43/57 MP: 6/6
  4573 | D:5      | Reached skill level 9 in Unarmed Combat
  4746 | D:5      | Reached skill level 10 in Unarmed Combat
  4750 | D:5      | Reached XP level 8. HP: 18/63 MP: 7/7
  4828 | D:5      | Found a bloodstained altar of Trog.
  5341 | D:6      | Found a sparkling altar of Nemelex Xobeh.
  5364 | D:6      | Reached skill level 11 in Unarmed Combat
  5744 | D:6      | Reached skill level 1 in Armour
  6403 | D:7      | Reached skill level 5 in Fighting
  6482 | D:7      | Reached XP level 9. HP: 74/74 MP: 8/8
  6771 | D:7      | Reached *** piety under Makhleb
  6803 | D:7      | Reached skill level 5 in Armour
  7146 | D:8      | Noticed Maurice
  7176 | D:8      | Killed Maurice
  7177 | D:8      | Reached XP level 10. HP: 74/89 MP: 9/9
  7376 | D:8      | Found a radiant altar of Vehumet.
  7692 | D:8      | Noticed Erica
  7712 | D:8      | Killed Erica
  7731 | D:8      | Noticed Prince Ribbit
  7737 | D:8      | Killed Prince Ribbit
  8144 | D:8      | Reached **** piety under Makhleb
  8560 | D:9      | Found a hazy altar of Hepliaklqana.
  8835 | D:9      | Reached skill level 10 in Fighting
  8876 | D:9      | Noticed Erolcha
  9527 | D:9      | Found a staircase to the Orcish Mines.
  9558 | D:9      | Reached skill level 1 in Throwing
  9558 | D:9      | Reached XP level 11. HP: 70/101 MP: 10/10
 10021 | D:9      | Killed Erolcha
 10065 | D:10     | Entered Level 10 of the Dungeon
 10105 | D:10     | Noticed a two-headed ogre
 10140 | Orc:1    | Entered Level 1 of the Orcish Mines
 10140 | Orc:1    | Noticed an orc sorcerer
 10562 | D:9      | Reached ***** piety under Makhleb
 10615 | Orc:1    | Killed an orc sorcerer
 10642 | Orc:1    | Noticed an orc high priest
 10669 | Orc:1    | Killed an orc high priest
 10670 | Orc:1    | Reached skill level 12 in Unarmed Combat
 10980 | Orc:2    | Entered Level 2 of the Orcish Mines
 11393 | D:10     | Killed a two-headed ogre
 11394 | D:10     | Reached skill level 5 in Throwing
 11538 | D:10     | Found a sacrificial altar of Ru.
 11696 | D:10     | Found a blossoming altar of Fedhas.
 12109 | D:11     | Noticed a purple ugly thing
 12114 | D:11     | Killed a purple ugly thing
 12227 | D:11     | Reached XP level 12. HP: 110/110 MP: 11/11
 12242 | D:11     | Found a staircase to the Lair.
 12562 | D:11     | Noticed Amaemon
 12592 | D:11     | Killed Amaemon
 12754 | D:11     | Noticed a seven-headed hydra
 12761 | D:11     | Killed a seven-headed hydra
 13207 | Lair:1   | Entered Level 1 of the Lair of Beasts
 13352 | Lair:1   | Noticed a four-headed hydra
 13362 | Lair:1   | Killed a four-headed hydra
 13713 | Lair:1   | Reached skill level 13 in Unarmed Combat
 14025 | Lair:1   | Reached skill level 10 in Armour
 14713 | Lair:1   | Noticed Joseph
 14724 | Lair:1   | Killed Joseph
 15014 | Lair:1   | You fall into a shaft and drop 1 floor!
 15405 | Lair:2   | Found a staircase to the Snake Pit.
 16011 | Lair:2   | Reached XP level 13. HP: 119/119 MP: 12/12
 16074 | Lair:2   | Reached ****** piety under Makhleb
 16847 | Lair:3   | Reached skill level 14 in Unarmed Combat
 18585 | Lair:4   | Found a staircase to the Shoals.
 19141 | Lair:5   | Reached skill level 1 in Shields
 19216 | Lair:5   | Found a staircase to the Slime Pits.
 19219 | Lair:5   | Found a viscous altar of Jiyva.
 19373 | Lair:5   | Reached skill level 15 in Unarmed Combat
 19419 | Lair:5   | Reached XP level 14. HP: 132/132 MP: 13/13
 19469 | Lair:5   | Noticed Rupert
 19496 | Lair:5   | Killed Rupert
 19924 | Lair:5   | Reached skill level 16 in Unarmed Combat
 20606 | Lair:6   | Entered Level 6 of the Lair of Beasts
 21062 | Lair:6   | Noticed Kirke
 21095 | Lair:6   | Killed Kirke
 21161 | Lair:6   | Noticed a balrug
 21182 | Lair:6   | Mangled by a death yak

Illustrated notes

Levels and vault maps discovered:
D:1:      minmay_arrival_diagonal_passages, layout_basic, serial_shops,
          nicolae_shop_trees, nrook_mini_vaults, minmay_bisected
D:2:      layout_loops_corners, basic_ecumenical_altar
D:3:      layout_loops_ring, minmay_misc_feat_x
D:4:      layout_cave_pools
D:5:      layout_basic, trog_hazing_becter, minmay_temple_entry_large_hall,
          uniq_eustachio
D:6:      nicolae_whirlpool, layout_rooms, nemelex_altar_shiori, serial_shops,
          shop
D:7:      layout_loops_ring, minivault_14, dreamdust_gnoll_shepherd
D:8:      layout_basic, nicolae_overflow_crystal_walls, lemuel_flamethrower_1,
          uniq_prince_ribbit1, uniq_erica, uniq_maurice
D:9:      layout_grid_maze, nicolae_hepliaklqana_hazy_memory,
          minmay_orc_entry_guard_dogs, uniq_erolcha
D:10:     layout_loops_ring, mainiacjoe_overflow_surrounded_room,
          mainiacjoe_overflow_small_starburst
D:11:     layout_roguey, minmay_lair_entry_grove, minivault_16, uniq_amaemon
Temple:   nicolae_temple_elliptical
Lair:1:   layout_concentric_octagons, nicolae_lair_liquid_snakes, uniq_joseph
Lair:2:   layout_gridlike, minmay_snake_entry_guardpost_medium,
          grunt_megastairs_2
Lair:3:   layout_small_grid
Lair:4:   layout_cave_pods, minmay_shoals_entry_hut, nicolae_lair_yak_garden,
          infiniplex_staircase_pool_2
Lair:5:   layout_roguey [special_room_mythical_zoo], slime_entry_1,
          columned_hall_lemuel, uniq_rupert
Lair:6:   minmay_lair_end_enchanted_forest, layout_cave_pods,
          portal_ice_cave_entry_pillars_1, bobbens_ice_dragon_lair, uniq_kirke
Orc:1:    layout_caves, guppyfry_library_mini
Orc:2:    grunt_orc_tribal_feast, layout_diamond_mine, mines3_lemuel

Skill      XL: |  1  2  3  4  5  6  7  8  9 10 11 12 13 14 |
---------------+-------------------------------------------+-----
Unarmed Combat | 4 5 6 7 8 10 11 12 13 15 16 | 16.3
Armour         | 3 6 8 9 10 12 | 12.3
Fighting       | 5 8 10 11 12 14 | 14.4
Throwing       | 1 6 |  6.0
Dodging        | 3 |  3.0
Shields        | 3 4 |  4.0
Stealth        | |  2.1

Action                   |  1- 3 |  4- 6 |  7- 9 | 10-12 | 13-15 || total
-------------------------+-------+-------+-------+-------+-------++-------
Melee: Unarmed           |   140 |   136 |   191 |   759 |   640 ||  1866
       Punch             |     2 |     5 |    15 |    57 |    41 ||   120
Throw: Dart              |       |       |     2 |     5 |       ||     7
       Throwing net      |       |       |     2 |     2 |       ||     4
       Boomerang         |       |       |       |    29 |     2 ||    31
Invok: Lesser Servant of |       |       |       |       |     1 ||     1
       Greater Servant o |       |       |       |       |     1 ||     1
  Use: Potion            |     1 |       |     1 |     2 |     5 ||     9
       Scroll            |       |       |       |    12 |    16 ||    28
 Stab: Sleeping          |       |     1 |       |       |       ||     1
       Held in net/web   |       |       |       |     2 |       ||     2
       Invisible         |       |       |       |       |     8 ||     8
Armor: Robe              |     3 |       |       |       |       ||     3
       Leather armour    |    33 |     7 |       |       |       ||    40
       Ring mail         |       |    36 |    60 |    27 |       ||   123
       Scale mail        |       |       |       |   145 |       ||   145
       Chain mail        |       |       |       |   445 |   532 ||   977
Dodge: Dodged            |   107 |    81 |   106 |   389 |   324 ||  1007
Block: Buckler           |       |       |       |       |    48 ||    48

Table legend: (Time is in decaauts)
 A = Elapsed time spent in this place.
 B = Non-inter-level travel time spent in this place.
 C = Inter-level travel time spent in this place.
 D = Time resting spent in this place.
 E = Time spent auto-exploring this place.
 F = Levels seen in this place.
 G = Mean time per level.
                   A        B        C        D        E       F      G
               +--------+--------+--------+--------+--------+-----+--------+
         Total |  20828 |  19876 |    952 |   4350 |  11750 |  20 | 1041.4 |
       Dungeon |  12421 |  11758 |    663 |   2120 |   7349 |  11 | 1129.2 |
        Temple |    146 |    119 |     27 |      0 |    104 |   1 |  146.0 |
          Lair |   7804 |   7602 |    202 |   2165 |   4138 |   6 | 1300.7 |
  Orcish Mines |    455 |    395 |     60 |     65 |    159 |   2 |  227.5 |
               +--------+--------+--------+--------+--------+-----+--------+

Top non-repeatable levels by time:
     D:9: 1979 daAuts
  Lair:5: 1814 daAuts
  Lair:1: 1791 daAuts
  Lair:4: 1604 daAuts
     D:8: 1445 daAuts
  Lair:2: 1400 daAuts
    D:11: 1393 daAuts
     D:1: 1341 daAuts
     D:5: 1101 daAuts
     D:2: 1036 daAuts
  Lair:3: 1013 daAuts
     D:3: 1008 daAuts
     D:7: 889 daAuts
     D:6: 836 daAuts
     D:4: 702 daAuts
